 Dungeon Crawl Stone Soup version 0.31.0-9-g3a7656b989 (webtiles) character file.

Game seed: 14955244891588387777

782 qw the Nimble (level 7, 0/35 HPs)
             Began as a Spriggan Hunter on Feb 2, 2024.
             Killed by divine providence
             ... invoked by an orc priest
              (10 damage)
             ... on level 5 of the Dungeon.
             The game lasted 00:00:11 (3539 turns).

qw the Nimble (Spriggan Hunter)                     Turns: 3539, Time: 00:00:11

Health: 0/35       AC:  3    Str:  7    XL:     7   Next: 55%
Magic:  8/8        EV: 28    Int: 10    God:
Gold:   133        SH:  0    Dex: 27    Spells: 6/6 levels left

rFire   . . .        a - +0 shortbow
rCold   + . .        (shield currently unavailable)
rNeg    . . .        n - +1 robe {rC+}
rPois   +            (helmet restricted)
rElec   .            (no cloak)
rCorr   .            (gloves unavailable)
SInv    +            (boots unavailable)
Will    +....        (no amulet)
Stlth   +++          h - +6 ring of dexterity
HPRegen 0.25/turn    b - ring of poison resistance
MPRegen 0.11/turn

%: no passive effects
@: very quick
A: very small, no large weapons, unfitting armour, see invisible, speed 3
a: no special abilities


You were on level 5 of the Dungeon.
You visited 1 branch of the dungeon, and saw 5 of its levels.

You collected 133 gold pieces.


Innate Abilities, Weirdness & Mutations

You are very small and have problems with some larger weapons.
You are too small for most types of armour.
You have supernaturally acute eyesight. (SInv)
You cover ground extremely quickly. (Speed+++)


   Skills:
 - Level 2.0 Fighting
 + Level 6.1 Ranged Weapons
 - Level 9.5 Dodging
 - Level 1.5 Stealth


You had 6 spell levels left.
You didn't know any spells.
Your spell library was empty.

Inventory:

Hand Weapons
 a - a +0 shortbow (weapon)
Armour
 n - a +1 robe of cold resistance (worn)
Jewellery
 b - a ring of poison resistance (right hand)
 c - a +6 ring of strength
 h - a +6 ring of dexterity (left hand)
Scrolls
 d - a scroll of teleportation
 j - 2 scrolls of enchant armour
Potions
 f - 3 potions of curing
 g - a potion of haste
 i - a potion of heal wounds
 k - a potion of enlightenment

Dungeon Overview and Level Annotations

Branches:
Dungeon (5/15)
 Temple: D:4-7

Altars:
Sif Muna


Message History

You shoot an arrow. The arrow hits the orc.
You kill the orc!
You shoot an arrow.
The arrow closely misses the orc wizard.
You shoot an arrow. The arrow hits the orc wizard!
You kill the orc wizard!
An orc priest comes into view. It is wielding a +0 morningstar.
You shoot an arrow. The orc priest shouts!
The arrow hits the orc wizard!
The orc wizard is heavily wounded.
You shoot an arrow. The arrow barely misses the orc wizard.
The orc priest calls down the wrath of Beogh upon you.
Beogh smites you! The orc wizard completely misses you.
You shoot an arrow. The arrow hits the orc wizard.
The orc wizard is severely wounded.
The orc wizard misses you.
You shoot an arrow.
The arrow hits the orc wizard but does no damage.
The orc wizard is severely wounded.
The orc wizard hits you with a +0 dagger.
You shoot an arrow.
The arrow closely misses the orc wizard.
The arrow hits the orc priest.
The orc priest is lightly wounded.
The orc priest calls down the wrath of Beogh upon you.
Beogh smites you! The orc wizard completely misses you.
You shoot an arrow.
The arrow closely misses the orc wizard.
The arrow closely misses the orc priest.
The orc priest begins to cast a cantrip, but forgets the words!
The orc wizard completely misses you.
You shoot an arrow. The arrow hits the orc wizard.
You kill the orc wizard!
The orc priest begins to cast a cantrip, but forgets the words!
Your Ranged Weapons skill increases to level 6!
You shoot an arrow. The arrow barely misses the orc priest.
The orc priest calls down the wrath of Beogh upon you.
Beogh smites you!
You die...

.........# ###
.......... ..#
........# #.# #......#
#.# ###....).####.###
...............>#
##......####.#.#
#......# #.#.#######
##.#@######.#.#......
#.....)................
#....#.########.##.####
....#.#o# #........ [..
. ..########.##..... ..
.. ...........#...... .
.. .#...............#
... #. .#######.#)#....
#.......#.#.#.#


You could see an orc priest.

Vanquished Creatures
  Pikel (D:4)
  An ogre (D:5)
  A jelly (D:5)
  An orc priest (D:4)
  3 orc wizards
  5 adders
  A dart slug (D:3)
  4 orcs
  6 bats
  5 endoplasms
  2 giant cockroaches
  7 goblins
  8 hobgoblins
  4 quokkas
  6 ball pythons
  A frilled lizard (D:1)
  7 kobolds
  6 rats
69 creatures vanquished.

Notes
Turn   | Place    | Note
-------+----------+-------------------------------------------
     0 | D:1      | qw the Spriggan Hunter began the quest for the Orb.
     0 | D:1      | Reached XP level 1. HP: 10/10 MP: 2/2
     0 | D:1      | 0 ||| qw: Version: 0.3-a-155-g5e7d8dd
     0 | D:1      | 0 ||| qw: Game counter: 33
     0 | D:1      | 0 ||| qw: Melee chars always use a shield: true
     0 | D:1      | 0 ||| qw: God list: Okawaru
     0 | D:1      | 0 ||| qw: Allow faded altars: false
     0 | D:1      | 0 ||| qw: Do Orc after clearing Dungeon:15 true
     0 | D:1      | 0 ||| qw: Do second Lair branch before Depths: true
     0 | D:1      | 0 ||| qw: Lair rune preference: random
     0 | D:1      | 0 ||| qw: Goals: Normal
     0 | D:1      | 0 ||| PLANNING D:1-11
    53 | D:1      | Reached skill level 3 in Dodging
   141 | D:1      | Reached XP level 2. HP: 14/14 MP: 3/3
   203 | D:1      | Reached skill level 4 in Dodging
   575 | D:1      | Reached XP level 3. HP: 18/18 MP: 4/4
   840 | D:1      | 840 ||| UPGRADING to +6 ring of dexterity.
   841 | D:1      | 841 ||| READING scroll labelled VIOKLUSHEV.
   846 | D:1      | 846 ||| READING scroll labelled ANGUV ZAAM.
   847 | D:1      | 847 ||| READING scroll labelled CUHALI NUVIDI.
   847 | D:1      | 847 ||| IDENTIFYING puce potion
   848 | D:1      | 848 ||| READING 2 scrolls labelled WUASEY BEEVU.
   949 | D:1      | 949 ||| DRINKING 2 cyan potions.
   950 | D:1      | 950 ||| DROPPING scroll of butterflies.
   951 | D:1      | 951 ||| DROPPING potion of ambrosia.
   952 | D:1      | 952 ||| DROPPING scroll of vulnerability.
  1235 | D:2      | Reached skill level 5 in Dodging
  1294 | D:2      | Found a faded altar of an unknown god.
  1416 | D:2      | Reached XP level 4. HP: 22/22 MP: 5/5
  1711 | D:2      | 1711 ||| UPGRADING to ring of poison resistance.
  1712 | D:2      | 1712 ||| READING 2 scrolls of identify.
  1712 | D:2      | 1712 ||| IDENTIFYING murky white potion
  1713 | D:2      | 1713 ||| READING scroll of identify.
  1713 | D:2      | 1713 ||| IDENTIFYING fizzy orange potion
  1714 | D:2      | 1714 ||| READING scroll labelled RIHEDAILAH.
  1714 | D:2      | 1714 ||| ENCHANTING +0 shortbow.
  1715 | D:2      | 1715 ||| READING scroll labelled ZUDAAPRUSOHU.
  1716 | D:2      | 1716 ||| DROPPING potion of brilliance.
  2445 | D:3      | 2445 ||| READING scroll of identify.
  2445 | D:3      | 2445 ||| IDENTIFYING fuming dark potion
  2446 | D:3      | 2446 ||| READING scroll labelled SIUWKUBIEV.
  2447 | D:3      | 2447 ||| READING scroll labelled ACODWI TYININOWK.
  2448 | D:3      | 2448 ||| READING scroll labelled UPOYKI JANUO.
  2750 | D:4      | Found a shimmering blue altar of Sif Muna.
  2766 | D:4      | Noticed a lemure
  2766 | D:4      | Noticed a lemure
  2767 | D:4      | Noticed Pikel
  2767 | D:4      | 2767 ||| RETREEEEATING.
  2768 | D:4      | 2768 ||| DRINKING 2 potions of haste.
  2771 | D:4      | Noticed a lemure
  2772 | D:4      | 2772 ||| RETREEEEATING.
  2777 | D:4      | Noticed a lemure
  2790 | D:4      | Killed Pikel
  2791 | D:4      | Reached skill level 9 in Dodging
  2791 | D:4      | Reached XP level 5. HP: 17/25 MP: 6/6
  2791 | D:4      | Reached XP level 6. HP: 21/30 MP: 7/7
  2791 | D:4      | Reached XP level 7. HP: 23/33 MP: 8/8
  3311 | D:4      | 3311 ||| UPGRADING to +1 robe of cold resistance.
  3321 | D:4      | 3321 ||| DROPPING +0 robe.
  3322 | D:4      | 3322 ||| DROPPING ring of flight.
  3323 | D:4      | 3323 ||| READING scroll of identify.
  3323 | D:4      | 3323 ||| IDENTIFYING bubbling emerald potion
  3324 | D:4      | 3324 ||| READING scroll labelled RAINAI VESILOU.
  3324 | D:4      | Identified a scroll of acquirement
  3324 | D:4      | 3324 ||| ACQUIRING +6 ring of strength
  3324 | D:4      | Acquired a +6 ring of strength
  3357 | D:5      | Entered Level 5 of the Dungeon
  3539 | D:5      | Reached skill level 6 in Ranged Weapons
  3539 | D:5      | Killed from afar by an orc priest

Levels and vault maps discovered:
D:1:      amcnicky_arrival_choice, layout_loops_corners, grunt_decor_arrowhead
D:2:      layout_loops_ring, shapermc_ecumenical_altar_notcrosses
D:3:      wander_river, layout_basic
D:4:      layout_basic, mainiacjoe_overflow_boulevard, uniq_pikel
D:5:      black_bear_nest_2, layout_basic, okawaru_metal_pillars_3,
          grunt_ministairs_6

Skill      XL: |  1  2  3  4  5  6  7 |
---------------+----------------------+-----
Dodging        | 3 4 5 9 |  9.5
Ranged Weapons | 5 6 |  6.1
Fighting       | 2 |  2.0
Stealth        | |  1.5

Action                     |  1- 3 |  4- 6 |  7- 9 || total
---------------------------+-------+-------+-------++-------
   Fire: Shortbow          |   102 |    57 |    49 ||   208
    Use: Scroll            |     4 |     8 |     2 ||    14
         Potion            |     1 |     1 |       ||     2
 Armour: Robe              |     9 |     2 |     2 ||    13
  Dodge: Dodged            |    16 |    20 |    12 ||    48

Table legend:
 A = Non-vault XP
 B = Vault XP
 C = Vault XP percentage of total XP
 D = Non-vault monster count
 E = Vault monster count
 F = Vault count percentage of total count
                 A         B        C        D         E       F
            +---------+---------+-------+---------+---------+-------
      Total |     467 |     651 |  58.2 |      68 |       1 |   1.4
            +---------+---------+-------+---------+---------+-------
        D:1 |      45 |       0 |   0.0 |      28 |       0 |   0.0
        D:2 |      71 |       0 |   0.0 |      16 |       0 |   0.0
        D:3 |      29 |       0 |   0.0 |       9 |       0 |   0.0
        D:4 |      89 |     651 |  88.0 |       9 |       1 |  10.0
        D:5 |     233 |       0 |   0.0 |       6 |       0 |   0.0
            +---------+---------+-------+---------+---------+-------
